 Dungeon Crawl Stone Soup version 0.21.1-1-g345015f (webtiles) character file.

171 infcreate the Shield-Bearer (level 5, 0/47 HPs)
             Began as a Minotaur Fighter on May 26, 2018.
             Slain by Terence
             ... wielding a +7 mace of draining
              (4 damage)
             ... on level 2 of the Dungeon.
             The game lasted 00:07:47 (1575 turns).

infcreate the Shield-Bearer (Minotaur Fighter)      Turns: 1575, Time: 00:07:48

Health: 0/47       AC:  7    Str: 21    XL:     5   Next: 26%
Magic:  4/4        EV:  7    Int:  5    God:
Gold:   129        SH:  9    Dex: 10    Spells: 4/4 levels left

rFire    . . .     SeeInvis .   a - +0 war axe
rCold    . . .     Gourm    .   c - +0 shield
rNeg     . . .     Faith    .   b - +0 scale mail
rPois    .         Spirit   .   (helmet restricted)
rElec    .         Reflect  .   (no cloak)
rCorr    .         Harm     .   (no gloves)
MR       .....                  j - +0 pair of boots (curse)
Stlth    ..........             (no amulet)
HPRegen  0.15/turn              (no ring)
MPRegen  0.09/turn              (no ring)

@: heavily drained
A: retaliatory headbutt, horns 2
a: no special abilities


You were on level 2 of the Dungeon.
You were not hungry.

You visited 1 branch of the dungeon, and saw 3 of its levels.

You collected 129 gold pieces.

Inventory:

Hand Weapons
 a - a +0 war axe (weapon)
Armour
 b - a +0 scale mail (worn)
 c - a +0 shield (worn)
 j - a cursed +0 pair of boots (worn)
Jewellery
 u - an uncursed amulet of the gourmand {unknown}
Scrolls
 e - 3 scrolls of teleportation {unknown}
 g - 3 scrolls of remove curse {unknown}
 h - a scroll of enchant armour {unknown}
 k - 3 scrolls of amnesia {unknown}
 o - 4 scrolls of fear {unknown}
 p - 2 scrolls of magic mapping {unknown}
 q - 3 scrolls of identify {unknown}
 s - 2 scrolls of fog {unknown}
Potions
 d - a potion of might
 i - a potion of haste
 l - 2 potions of ambrosia {unknown}
 m - a potion of degeneration {unknown}
 n - 2 potions of curing {unknown}
 r - a potion of cancellation {unknown}
 v - a potion of lignification {unknown}
 w - a potion of berserk rage {unknown}
Comestibles
 f - 5 rations


   Skills:
 + Level 4.5(2.4) Fighting
 + Level 4.3(2.2) Axes
 + Level 4.5(2.4) Armour
 + Level 4.8(2.6) Shields


You had 4 spell levels left.
You didn't know any spells.

Dungeon Overview and Level Annotations

Branches:
Dungeon (3/15)

Altars:

Annotations:
D:2 Terence
D:3 Sigmund


Innate Abilities, Weirdness & Mutations

You reflexively headbutt those who attack you in melee.
You have a pair of horns on your head.


Message History

You block Terence's attack.
Terence says, "You're history."
Terence hits you with a mace of draining.
* * * LOW HITPOINT WARNING * * *
You feel drained.
There is a stone staircase leading up, spattered with blood here.
Terence barely misses you. Sigmund barely misses you.
You climb upwards.
There is a stone staircase leading down here.
You hit Terence but do no damage. You headbutt Terence.
Terence is severely wounded.
Terence hits you with a mace of draining!
* * * LOW HITPOINT WARNING * * *
You feel drained.
* * * LOW HITPOINT WARNING * * *
You block Terence's attack.
Your shield and scale mail prevent you from hitting Terence.
Terence is severely wounded.
Terence hits you with a mace of draining.
You die...

#......##.....#.........#....
#......##.....#.........#....
#......##.....#..............
#......##.....######.####....
#......##.....### #.........
#......##.......########.....
#.......#.......'............
#.......#.......##.......####
#####...##..@................
#...##.@.....#...........
######...#........#####..##.#.
#.......##..##...........#..#.
#.......#8..8#...#####......#.
#..................# #..#####.
######....>.....<#.# #........
#...#8..8#.###.# #.#######
#...##..##...#.# #.#......


You could see Terence.

Vanquished Creatures
  A crimson imp (D:2)
  7 adders
  An ooze (D:3)
  2 worms (D:2)
  2 dart slugs
  2 leopard geckos
  4 giant cockroaches
  9 goblins
  7 hobgoblins
  3 jackals (D:2)
  3 kobolds
  A quokka (D:2)
  A ball python (D:3)
  7 bats
  4 frilled lizards
  7 rats
  A bush (D:1)
  A plant (D:1)
63 creatures vanquished.

Notes
Turn   | Place    | Note
-------+----------+-------------------------------------------
     0 | D:1      | infcreate the Minotaur Fighter began the quest for the Orb.
     0 | D:1      | Reached XP level 1. HP: 19/19 MP: 0/0
   133 | D:1      | Reached XP level 2. HP: 27/27 MP: 1/1
   512 | D:1      | Reached XP level 3. HP: 33/33 MP: 2/2
   882 | D:2      | Reached XP level 4. HP: 30/40 MP: 3/3
  1378 | D:3      | Reached XP level 5. HP: 47/47 MP: 4/4
  1550 | D:3      | Noticed Terence
  1553 | D:3      | Noticed Sigmund
  1575 | D:2      | Slain by Terence

Skill      XL: |  1  2  3  4 |
---------------+-------------+-----
Fighting       | 4 |  4.5
Shields        | 4 |  4.8
Armour         | 4 |  4.5
Axes           | 3 4 |  4.3

Action                   |  1- 3 |  4- 6 || total
-------------------------+-------+-------++-------
Melee: War axe           |   129 |    57 ||   186
       Headbutt          |    32 |     8 ||    40
  Eat: Chunk             |       |     3 ||     3
Armor: Scale mail        |    47 |    28 ||    75
Dodge: Dodged            |    30 |    25 ||    55
Block: Shield            |    45 |    37 ||    82
